NWL (28 & UNDER)
CULVER CITY EXTRAS @ BISMARCK BARONS
04/07/2023
 
TOP OF THE 1ST
Culver City Extras batting - Pitching for Bismarck Barons : RHP Joe Wise
Pitching: RHP Joe Wise
Batting: LHB Alan Olson 0-0: Ball
1-0: SINGLE (Groundball, 6MD)
Batting: RHB Sergio Pujols 0-0: Ball
Alan Olson steals 2nd base
1-0: Called Strike
1-1: SINGLE (Groundball, 6MD)
Alan Olson to third
Runner from 3rd tries for Home, SAFE, no throw or cutoff
Batting: LHB Tanyu Imai 0-0: Ball
1-0: Grounds into double play, 4-6-3 (Groundball, 4)
Batting: RHB Ricardo Cabrera 0-0: Called Strike
0-1: Called Strike
0-2: Fly out, F5 (Popup, 56)
Top of the 1st over - 1 run(s), 2 hit(s), 0 error(s), 0 left on base; Culver City 1 - Bismarck 0
BOTTOM OF THE 1ST
Bismarck Barons batting - Pitching for Culver City Extras : LHP Greg Taylor
Pitching: LHP Greg Taylor
Batting: RHB Dale Findley 0-0: Ground out 4-3 (Groundball, 4)
Batting: RHB Ed Terry 0-0: Ground out 6-3 (Groundball, 6M)
Batting: RHB Jorge Espinosa 0-0: Ball
1-0: Ball
2-0: Swinging Strike
2-1: Fly out, F7 (Line Drive, 7M)
Bottom of the 1st over - 0 run(s), 0 hit(s), 0 error(s), 0 left on base; Culver City 1 - Bismarck 0
TOP OF THE 2ND
Culver City Extras batting - Pitching for Bismarck Barons : RHP Joe Wise
Batting: RHB Salvador Medine 0-0: Ball
1-0: Ball
2-0: Ball
3-0: Foul Ball, location: 2F
3-1: Swinging Strike
3-2: Foul Ball, location: 2F
3-2: Base on Balls
Batting: RHB Cal Rogers 0-0: Swinging Strike
0-1: Foul Ball, location: 2F
0-2: Ball
1-2: Strikes out swinging
Batting: RHB Axel Guimont 0-0: Ball
1-0: Called Strike
1-1: Fly out, F8 (Flyball, 8RS)
Batting: RHB José Toro 0-0: Ball
Pickoff Throw to First - Error! E1
Salvador Medine to second
1-0: Called Strike
1-1: Ball
2-1: Foul Ball, location: 2F
2-2: Ball
3-2: Base on Balls
Batting: RHB Roberto Gonzáles 0-0: Called Strike
0-1: Called Strike
0-2: Ball
1-2: Fielders Choice at 2nd, 6-4 (Groundball, 6)
Top of the 2nd over - 0 run(s), 0 hit(s), 1 error(s), 1 left on base; Culver City 1 - Bismarck 0
BOTTOM OF THE 2ND
Bismarck Barons batting - Pitching for Culver City Extras : LHP Greg Taylor
Batting: RHB Lúcio Flores 0-0: Ball
1-0: Called Strike
1-1: Ball
2-1: Called Strike
2-2: Ball
3-2: SINGLE (Flyball, 8LS)
Batting: RHB Kiyomitsu Shinoda 0-0: Ball
1-0: Called Strike
1-1: Swinging Strike
1-2: Strikes out looking
Lúcio Flores is caught stealing 2nd base
Batter strikes out.
Batting: RHB Steve Brown 0-0: Ball
1-0: Ground out 6-3 (Groundball, 6)
Bottom of the 2nd over - 0 run(s), 1 hit(s), 0 error(s), 0 left on base; Culver City 1 - Bismarck 0
TOP OF THE 3RD
Culver City Extras batting - Pitching for Bismarck Barons : RHP Joe Wise
Batting: LHB Alan Olson 0-0: Ball
1-0: Foul Ball, location: 2F
1-1: Called Strike
1-2: Ball
2-2: Ball
3-2: Strikes out swinging
Batting: RHB Sergio Pujols 0-0: Ball
1-0: Ball
2-0: Fly out, F7 (Flyball, 78S)
Batting: LHB Tanyu Imai 0-0: Ball
1-0: Ball
2-0: Ball
3-0: Base on Balls
Batting: RHB Ricardo Cabrera 0-0: Ball
1-0: Ball
2-0: Foul Ball, location: 2F
2-1: Foul Ball, location: 2F
2-2: Ball
3-2: Ground out 5-3 (Groundball, 5L)
Top of the 3rd over - 0 run(s), 0 hit(s), 0 error(s), 1 left on base; Culver City 1 - Bismarck 0
BOTTOM OF THE 3RD
Bismarck Barons batting - Pitching for Culver City Extras : LHP Greg Taylor
Batting: SHB Dave Lee 0-0: Foul Ball, location: 2F
0-1: Ball
1-1: Ball
2-1: Ground out 6-3 (Groundball, 6)
Batting: SHB Chris Griffith 0-0: Ball
1-0: Ball
2-0: Called Strike
2-1: Foul Ball, location: 2F
2-2: Hit by Pitch
Batting: RHB Domingo Ávila 0-0: Grounds into double play, 6-4-3 (Groundball, 6)
Bottom of the 3rd over - 0 run(s), 0 hit(s), 0 error(s), 0 left on base; Culver City 1 - Bismarck 0
TOP OF THE 4TH
Culver City Extras batting - Pitching for Bismarck Barons : RHP Joe Wise
Batting: RHB Salvador Medine 0-0: Foul Ball, location: 2F
0-1: Ball
1-1: Foul Ball, location: 2F
1-2: Ball
2-2: Ball
3-2: Foul Ball, location: 2F
3-2: Foul Ball, location: 2F
3-2: Ground out 2-3 (Groundball, 23)
Batting: RHB Cal Rogers 0-0: Swinging Strike
0-1: Foul Ball, location: 2F
0-2: Ball
1-2: Ball
2-2: Strikes out swinging
Batting: RHB Axel Guimont 0-0: Fly out, F5 (Line Drive, 5)
Top of the 4th over - 0 run(s), 0 hit(s), 0 error(s), 0 left on base; Culver City 1 - Bismarck 0
BOTTOM OF THE 4TH
Bismarck Barons batting - Pitching for Culver City Extras : LHP Greg Taylor
Batting: RHB Dale Findley 0-0: Ball
1-0: Foul Ball, location: 2F
1-1: Swinging Strike
1-2: SINGLE (Line Drive, 9S)
Batting: RHB Ed Terry 0-0: Ball
1-0: Ball
2-0: Ball
3-0: Called Strike
3-1: Base on Balls
Dale Findley to second
Batting: RHB Jorge Espinosa 0-0: Ball
1-0: Ball
2-0: Ball
3-0: Called Strike
3-1: SINGLE (Groundball, 5)
Dale Findley to third
Ed Terry to second
Runner from 3rd tries for Home, SAFE, no throw or cutoff
Batting: RHB Lúcio Flores 0-0: Ball
1-0: Ball
2-0: Foul Ball, location: 2F
2-1: Ball
3-1: Foul Ball, location: 2F
3-2: Ground out 3-1 (Groundball, 34S)
Ed Terry to third
Jorge Espinosa to second
Batting: RHB Kiyomitsu Shinoda 0-0: Foul Ball, location: 2F
0-1: Foul Ball, location: 2F
0-2: Strikes out looking
Batting: RHB Steve Brown 0-0: Ball
1-0: Foul Ball, location: 2F
1-1: Swinging Strike
1-2: Ball
2-2: Foul Ball, location: 2F
2-2: Fly out, F7 (Flyball, 7S)
Bottom of the 4th over - 1 run(s), 2 hit(s), 0 error(s), 2 left on base; Culver City 1 - Bismarck 1
TOP OF THE 5TH
Culver City Extras batting - Pitching for Bismarck Barons : RHP Joe Wise
Batting: RHB José Toro 0-0: Fly out, F8 (Flyball, 8RXD)
Batting: RHB Roberto Gonzáles 0-0: Foul Ball, location: 2F
0-1: Ball
1-1: Ball
2-1: Called Strike
2-2: Fly out, F8 (Flyball, 78M)
Batting: LHB Alan Olson 0-0: SINGLE (Flyball, 6MD)
Batting: RHB Sergio Pujols 0-0: Ball
1-0: Called Strike
1-1: Ball
2-1: Fielders Choice at 2nd, U4 (Groundball, 4M)
Top of the 5th over - 0 run(s), 1 hit(s), 0 error(s), 1 left on base; Culver City 1 - Bismarck 1
BOTTOM OF THE 5TH
Bismarck Barons batting - Pitching for Culver City Extras : LHP Greg Taylor
Batting: SHB Dave Lee 0-0: Ball
1-0: Ball
2-0: SINGLE (Line Drive, 7LS)
Batting: SHB Chris Griffith 0-0: Foul Ball, location: 2F
0-1: Ball
1-1: Ball
2-1: Fly out, F6 (Line Drive, 6)
Batting: RHB Domingo Ávila 0-0: DOUBLE (Flyball, 78M)
Dave Lee to third
Runner from 3rd tries for Home, SAFE, throw made home
Batting: RHB Dale Findley 0-0: Ball
1-0: Ball
2-0: Ball
3-0: Called Strike
3-1: SINGLE (Line Drive, 89S)
Domingo Ávila to third
Runner from 3rd tries for Home, SAFE, throw made home
Dale Findley to second
Batting: RHB Ed Terry 0-0: Ball
1-0: Ground out U3 (Groundball, 3L)
Dale Findley to third
Batting: RHB Jorge Espinosa 0-0: TRIPLE (Line Drive, 9LM)
Dale Findley scores
Batting: RHB Lúcio Flores 0-0: Ball
1-0: Called Strike
1-1: Ball
2-1: DOUBLE (Flyball, 8RXD)
Jorge Espinosa scores
Batting: RHB Kiyomitsu Shinoda 0-0: Ball
1-0: Called Strike
1-1: Foul Ball, location: 2F
1-2: Ball
2-2: DOUBLE (Flyball, 8RXD)
Lúcio Flores scores
Batting: RHB Steve Brown 0-0: Ball
Passed Ball!
Kiyomitsu Shinoda to third
1-0: Called Strike
1-1: Called Strike
1-2: Foul Ball, location: 2F
1-2: Strikes out swinging
Bottom of the 5th over - 5 run(s), 6 hit(s), 0 error(s), 1 left on base; Culver City 1 - Bismarck 6
TOP OF THE 6TH
Culver City Extras batting - Pitching for Bismarck Barons : RHP Joe Wise
Batting: LHB Tanyu Imai 0-0: Called Strike
0-1: Swinging Strike
0-2: Foul Ball, location: 2F
0-2: Hit by Pitch
Pitching: RHP Tomás Olvera
Batting: RHB Ricardo Cabrera 0-0: Called Strike
0-1: Called Strike
0-2: Ball
1-2: Strikes out swinging
Batting: RHB Salvador Medine 0-0: Ball
1-0: Ball
2-0: Called Strike
2-1: Called Strike
2-2: Ball
3-2: Reached on error, E6 (Groundball, 56)
Tanyu Imai to third
Batting: RHB Cal Rogers 0-0: Foul Ball, location: 2F
0-1: Ball
1-1: Ground out 6-3 (Groundball, 6)
Tanyu Imai scores
Salvador Medine to third
Batting: RHB Axel Guimont 0-0: Foul Ball, location: 2F
0-1: Ball
1-1: Ball
2-1: Foul Ball, location: 2F
2-2: Foul Ball, location: 2F
2-2: Foul Ball, location: 2F
2-2: Foul Ball, location: 2F
2-2: Ball
3-2: Base on Balls
Batting: RHB José Toro 0-0: Foul Ball, location: 2F
0-1: Fly out, F9 (Popup, 4D)
Top of the 6th over - 1 run(s), 0 hit(s), 1 error(s), 2 left on base; Culver City 2 - Bismarck 6
BOTTOM OF THE 6TH
Bismarck Barons batting - Pitching for Culver City Extras : LHP Greg Taylor
Pitching: RHP Don Barnes
Batting: SHB Dave Lee 0-0: Called Strike
0-1: Ball
1-1: Swinging Strike
1-2: Foul Ball, location: 2F
1-2: Ball
2-2: Foul Ball, location: 2F
2-2: Foul Ball, location: 2F
2-2: Fly out, F9 (Line Drive, 9S)
Batting: SHB Chris Griffith 0-0: Called Strike
0-1: Foul Ball, location: 2F
0-2: Foul Ball, location: 2F
0-2: Ball
1-2: SINGLE (Groundball, 6MD)
Batting: RHB Domingo Ávila 0-0: Ball
1-0: Called Strike
1-1: Foul Ball, location: 2F
1-2: Ball
2-2: Strikes out looking
Batting: RHB Dale Findley 0-0: Ball
1-0: Ball
2-0: SINGLE (Line Drive, 8RS)
Chris Griffith to second
Batting: RHB Ed Terry 0-0: Ball
1-0: Foul Ball, location: 2F
1-1: Ball
2-1: Ball
3-1: Base on Balls
Chris Griffith to third
Dale Findley to second
Batting: RHB Jorge Espinosa 0-0: Called Strike
0-1: Foul Ball, location: 2F
0-2: Foul Ball, location: 2F
0-2: Strikes out swinging
Bottom of the 6th over - 0 run(s), 2 hit(s), 0 error(s), 3 left on base; Culver City 2 - Bismarck 6
TOP OF THE 7TH
Culver City Extras batting - Pitching for Bismarck Barons : RHP Tomás Olvera
Pitching: RHP Hector Zambello
Batting: RHB Roberto Gonzáles 0-0: Foul Ball, location: 2F
0-1: Called Strike
0-2: Strikes out looking
Batting: LHB Alan Olson 0-0: Foul Ball, location: 2F
0-1: Ball
1-1: Ball
2-1: Ball
3-1: SINGLE (Groundball, 56D) (infield hit)
Batting: RHB Sergio Pujols 0-0: Ball
1-0: Ball
2-0: Ball
3-0: Called Strike
3-1: Foul Ball, location: 2F
3-2: Grounds into double play, 4-6-3 (Groundball, 4)
Top of the 7th over - 0 run(s), 1 hit(s), 0 error(s), 0 left on base; Culver City 2 - Bismarck 6
BOTTOM OF THE 7TH
Bismarck Barons batting - Pitching for Culver City Extras : RHP Don Barnes
Batting: RHB Lúcio Flores 0-0: Ball
1-0: Foul Ball, location: 2F
1-1: Called Strike
1-2: Ground out 6-3 (Groundball, 6)
Batting: RHB Kiyomitsu Shinoda 0-0: Ball
1-0: Foul Ball, location: 2F
1-1: Ball
2-1: Foul Ball, location: 2F
2-2: Foul Ball, location: 2F
2-2: Foul Ball, location: 2F
2-2: Foul Ball, location: 2F
2-2: Fly out, F9 (Flyball, 9D)
Batting: RHB Steve Brown 0-0: Ball
1-0: Ball
2-0: Ball
3-0: Called Strike
3-1: Base on Balls
Batting: SHB Dave Lee 0-0: Ball
1-0: Ball
2-0: Called Strike
2-1: Swinging Strike
2-2: Strikes out swinging
Bottom of the 7th over - 0 run(s), 0 hit(s), 0 error(s), 1 left on base; Culver City 2 - Bismarck 6
TOP OF THE 8TH
Culver City Extras batting - Pitching for Bismarck Barons : RHP Hector Zambello
Batting: LHB Tanyu Imai 0-0: Ball
1-0: Ball
2-0: Ball
3-0: Called Strike
3-1: Ground out U3 (Groundball, 3)
Batting: RHB Ricardo Cabrera 0-0: Called Strike
0-1: Foul Ball, location: 2F
0-2: Strikes out swinging
Batting: RHB Salvador Medine 0-0: Ball
1-0: Foul Ball, location: 2F
1-1: Ball
2-1: Fly out, F7 (Flyball, 78M)
Top of the 8th over - 0 run(s), 0 hit(s), 0 error(s), 0 left on base; Culver City 2 - Bismarck 6
BOTTOM OF THE 8TH
Bismarck Barons batting - Pitching for Culver City Extras : RHP Don Barnes
Pitching: RHP Pedro Días
Batting: SHB Chris Griffith 0-0: Called Strike
0-1: Ball
1-1: Foul Ball, location: 2F
1-2: Foul Ball, location: 2F
1-2: Foul Ball, location: 2F
1-2: Strikes out swinging
Batting: RHB Domingo Ávila 0-0: Ball
1-0: Ground out 6-3 (Groundball, 6)
Batting: RHB Dale Findley 0-0: Called Strike
0-1: Ball
1-1: Foul Ball, location: 2F
1-2: Ball
2-2: Ball
3-2: Foul Ball, location: 2F
3-2: Base on Balls
Batting: RHB Ed Terry 0-0: Called Strike
0-1: Ball
1-1: Ball
2-1: Ball
3-1: Foul Ball, location: 2F
3-2: Base on Balls
Dale Findley to second
Batting: RHB Jorge Espinosa 0-0: Foul Ball, location: 2F
0-1: Ball
1-1: 3-RUN HOME RUN (Line Drive, 7D), Distance : 373 ft
Batting: RHB Lúcio Flores 0-0: Ball
1-0: Called Strike
1-1: Foul Ball, location: 2F
1-2: Ball
2-2: Strikes out swinging
Bottom of the 8th over - 3 run(s), 1 hit(s), 0 error(s), 0 left on base; Culver City 2 - Bismarck 9
TOP OF THE 9TH
Culver City Extras batting - Pitching for Bismarck Barons : RHP Hector Zambello
Batting: RHB Cal Rogers 0-0: Ball
1-0: Ball
2-0: Foul Ball, location: 2F
2-1: SINGLE (Groundball, 34D)
Batting: RHB Axel Guimont 0-0: Ball
1-0: Called Strike
1-1: Ball
2-1: TRIPLE (Popup, 9S)
Cal Rogers scores
Batting: RHB José Toro 0-0: Ball
1-0: Called Strike
1-1: Called Strike
1-2: Ball
2-2: Foul Ball, location: 2F
2-2: Ball
3-2: Base on Balls
Pitching: RHP Pedro Lara
Batting: RHB Roberto Gonzáles 0-0: 3-RUN HOME RUN (Flyball, 7LD), Distance : 335 ft
Pitching: LHP Edgardo Conteraras
Batting: LHB Alan Olson 0-0: Ball
1-0: Foul Ball, location: 2F
1-1: Foul Ball, location: 2F
1-2: Strikes out swinging
Batting: RHB Sergio Pujols 0-0: Ground out 5-3 (Groundball, 56S)
Batting: LHB Tanyu Imai 0-0: Called Strike
0-1: Foul Ball, location: 2F
0-2: Strikes out looking
Top of the 9th over - 4 run(s), 3 hit(s), 0 error(s), 0 left on base; Culver City 6 - Bismarck 9
This league is powered by Out of the Park Baseball, the baseball management simulation game for PC, Mac and Linux
Wednesday, December 2nd, 2015 - OOTP Baseball 16.8 Build 38